 Dungeon Crawl Stone Soup version 0.19-a0-1111-gcceb26a (webtiles) character file.

1164 mistymad the Magician (level 8, -9/45 HPs)
             Began as a Deep Elf Fire Elementalist on Aug 10, 2016.
             Was a Follower of Sif Muna.
             Mangled by a troll (11 damage)
             ... on level 6 of the Dungeon.
             The game lasted 00:25:28 (7588 turns).

mistymad the Magician (Deep Elf Fire Elementalist)  Turns: 7588, Time: 00:25:28

Health: -9/45      AC:  5    Str:  5    XL:     8   Next: 17%
Magic:  8/20       EV: 13    Int: 23    God:    Sif Muna [*.....]
Gold:   363        SH:  0    Dex: 15    Spells: 6 memorised, 3 levels left

rFire  . . .     SeeInvis .     o - +7 short sword (speed)
rCold  + . .     Gourm    .     a - +0 robe
rNeg   . . .     Faith    .     (no shield)
rPois  .         Spirit   .     p - +0 helmet
rElec  .         Dismiss  .     (no cloak)
rCorr  .         Reflect  .     (no gloves)
SustAt .         Harm     .     u - +1 pair of boots
MR     .....                    (no amulet)
Stlth  ++........               y - ring of protection from cold
                                k - ring of wizardry

@: divine energy
A: no striking features
a: Stop Divine Energy, Renounce Religion


You were on level 6 of the Dungeon.
You worshipped Sif Muna.
Sif Muna was aware of your devotion.
You were not hungry.

You visited 2 branches of the dungeon, and saw 7 of its levels.

You collected 363 gold pieces.

Inventory:

Hand Weapons
 m - a +0 hunting sling
 o - a +7 short sword of speed (weapon)
Missiles
 h - 63 sling bullets
 l - a throwing net (quivered)
 q - 37 poisoned needles
 s - 8 needles of sleeping
Armour
 a - a +0 robe (worn)
 p - a +0 helmet (worn)
 u - a +1 pair of boots (worn)
Jewellery
 k - a ring of wizardry (left hand)
 y - a ring of protection from cold (right hand)
Wands
 E - a wand of random effects (27/48)
Scrolls
 d - a scroll of remove curse
 e - a scroll of enchant weapon
 r - a scroll of teleportation
 C - a scroll of identify
 D - a scroll of amnesia {unknown}
 F - a scroll of enchant armour {unknown}
Potions
 f - 2 potions of resistance
 g - a potion of haste
 i - a potion of cancellation
 n - 5 potions of curing
 t - a potion of might {unknown}
 w - 2 potions of agility {unknown}
 x - 2 potions of magic {unknown}
 z - a potion of heal wounds {unknown}
 A - a potion of lignification {unknown}
Books
 b - a book of Flames

   Spells                             Type                      Level
   a - Flame Tongue                   Conjuration/Fire             1
   b - Throw Flame                    Conjuration/Fire             2
   c - Conjure Flame                  Conjuration/Fire             3
   d - Inner Flame                    Hexes/Fire                   3
   e - Sticky Flame                   Conjuration/Fire             4
   f - Fireball                       Conjuration/Fire             5
Comestibles
 c - 4 bread rations
 j - a slice of pizza
 v - 2 beef jerkies
 B - a meat ration


   Skills:
 + Level 2.8 Fighting
 - Level 2.4 Dodging
 - Level 2.4 Stealth
 + Level 7.1 Spellcasting
 + Level 5.9 Conjurations
 + Level 6.4 Fire Magic


You had 3 spell levels left.
You knew the following spells:

 Your Spells              Type           Power        Failure   Level  Hunger
a - Flame Tongue          Conj/Fire      #####        1%          1    None
b - Throw Flame           Conj/Fire      #####.       1%          2    None
c - Conjure Flame         Conj/Fire      #####...     1%          3    None
d - Inner Flame           Hex/Fire       ###.....     3%          3    None
e - Sticky Flame          Conj/Fire      #####...     3%          4    ###....
f - Fireball              Conj/Fire      #####.....   7%          5    #####..


Dungeon Overview and Level Annotations

Branches:
Dungeon (6/15)             Temple (1/1) D:4

Altars:
Ashenzari
Cheibriados
Dithmenos
Elyvilon
Fedhas
Gozag
Hepliaklqana
Kikubaaqudgha
Makhleb
Nemelex Xobeh
Okawaru
Pakellas
Qazlal
Ru
Sif Muna
Trog
Uskayaw
Vehumet
Xom
Yredelemnul
Zin
The Shining One


Message History

Casting: Throw Flame
Confirm with . or Enter, or press ? or * to list all spells.
Aiming: Throw Flame
Press: ? - help, Shift-Dir - straight line, f/p - troll
Aim: a troll (almost dead)
The puff of flame hits the troll.
The troll is almost dead.
The worker ant zombie is engulfed in roaring flames.
The troll closely misses you. x3
You now have 10/20 mp.
Unknown command.
Casting: Throw Flame
Confirm with . or Enter, or press ? or * to list all spells.
Aiming: Throw Flame
Press: ? - help, Shift-Dir - straight line, f/p - troll
Aim: a troll (almost dead)
The puff of flame hits the troll.
The troll is almost dead.
The troll bites you!
You die...

#.# #.# #.# #.# ####.#
## # #.# #. .....# #.#
#.# #Z #[##.# #.# #.#
##.##.##.##.#.######
#.# .. .......###T@...#
#.# #.
#.#(.#..#Z####.######.#
#.##.#.###..##
#........#
#.#.Z.....#...#
##########
#......##...###
#############


You could see a troll and a worker ant zombie.

Vanquished Creatures
  Edmund (D:5)
  An ogre (D:5)
  A centaur (D:5)
  A phantom (D:5)
  A scorpion (D:5)
  A howler monkey (D:5)
  A giant frog zombie (D:6)
  A crimson imp (D:5)
  A centaur skeleton (D:5)
  A jelly (D:5)
  3 orc wizards
  Natasha (thrice) (D:3)
  5 worker ants
  Robin (D:2)
  3 gnolls (D:3)
  14 adders
  2 howler monkey skeletons
  An ooze (D:2)
  4 worms
  4 dart slugs
  5 giant geckos
  6 orcs
  3 bats
  4 giant cockroaches
  14 goblins
  18 hobgoblins
  2 jackals
  2 kobolds
  2 quokkas (D:3)
  3 ball pythons
  8 giant newts
  A quokka skeleton (D:4)
  A quokka zombie (D:5)
  10 rats
  A fungus (D:1)
130 creatures vanquished.

Notes
Turn   | Place    | Note
-------+----------+-------------------------------------------
     0 | D:1      | mistymad the Deep Elf Fire Elementalist began the quest for the Orb.
     0 | D:1      | Reached XP level 1. HP: 10/10 MP: 6/6
   160 | D:1      | Reached XP level 2. HP: 15/15 MP: 2/8
   263 | D:1      | Learned a level 2 spell: Throw Flame
   649 | D:1      | Reached XP level 3. HP: 19/19 MP: 7/10
   805 | D:1      | Learned a level 3 spell: Conjure Flame
   809 | D:1      | Learned a level 3 spell: Inner Flame
  1257 | D:2      | Noticed Robin
  1404 | D:2      | Killed Robin
  1419 | D:2      | Reached XP level 4. HP: 21/24 MP: 0/11
  1499 | D:2      | Reached skill level 4 in Spellcasting
  2275 | D:2      | Found a shattered altar of Ashenzari.
  3230 | D:3      | Reached XP level 5. HP: 28/28 MP: 6/13
  3319 | D:3      | Noticed Natasha
  3323 | D:3      | Killed Natasha
  3400 | D:3      | Noticed Natasha
  3403 | D:3      | Killed Natasha
  3586 | D:3      | Reached skill level 5 in Spellcasting
  3907 | D:3      | Reached skill level 5 in Fire Magic
  4172 | D:3      | Reached XP level 6. HP: 32/32 MP: 0/15
  4288 | D:3      | Noticed Natasha
  4390 | D:3      | Killed Natasha
  4795 | D:3      | Learned a level 4 spell: Sticky Flame
  4956 | D:4      | Found a staircase to the Ecumenical Temple.
  4965 | Temple   | Entered the Ecumenical Temple
  5039 | Temple   | Became a worshipper of Sif Muna the Loreminder
  5966 | D:5      | Entered Level 5 of the Dungeon
  6025 | D:5      | Reached skill level 1 in Fighting
  6099 | D:5      | Reached XP level 7. HP: 38/38 MP: 8/17
  6190 | D:5      | Reached skill level 6 in Spellcasting
  6190 | D:5      | Reached skill level 5 in Conjurations
  6202 | D:5      | Learned a level 5 spell: Fireball
  6577 | D:5      | Reached * piety under Sif Muna
  6751 | D:5      | Noticed Edmund
  7030 | D:5      | Killed Edmund
  7232 | D:5      | Reached skill level 7 in Spellcasting
  7232 | D:5      | Reached XP level 8. HP: 45/45 MP: 6/20
  7569 | D:6      | Noticed a troll
  7586 | D:6      | HP: 2/45 [troll (4)]
  7588 | D:6      | Mangled by a troll

Vault maps used:
D:1:      tarquinn_simple_flora_water_f, minmay_gold_behind_fungi
D:2:      ashenzari_conservatory_becter, uniq_robin
D:3:      eino_tiny_chamber, uniq_natasha
D:5:      first_bread, uniq_edmund
D:6:      serial_shops, nicolae_shop_behind_doors, portal_sewer_entry_a,
          grunt_dithmenos_shadows
Temple:   minmay_crystal_snake_temple

Skill      XL: |  1  2  3  4  5  6  7 |
---------------+----------------------+-----
Conjurations   | 2 3 4 5 |  5.9
Fire Magic     | 4 5 6 |  6.4
Spellcasting   | 4 5 7 |  7.1
Fighting       | 1 2 |  2.8
Dodging        | |  2.4
Stealth        | |  2.4

Action                   |  1- 3 |  4- 6 |  7- 9 || total
-------------------------+-------+-------+-------++-------
Melee: Unarmed           |    15 |       |       ||    15
       Dagger            |    35 |       |       ||    35
       Whip              |     4 |     1 |       ||     5
       Short sword       |       |    25 |    25 ||    50
 Cast: Flame Tongue      |    29 |    61 |    20 ||   110
       Throw Flame       |    30 |    76 |    51 ||   157
       Conjure Flame     |     2 |     5 |     8 ||    15
       Inner Flame       |     1 |     4 |     1 ||     6
       Fireball          |       |       |     5 ||     5
Invok: Divine Energy     |       |       |     1 ||     1
  Use: Scroll            |       |    10 |       ||    10
 Stab: Sleeping          |       |     1 |       ||     1
  Eat: Chunk             |     3 |    13 |     6 ||    22
       Pizza             |       |     1 |       ||     1
Armor: Robe              |     6 |    11 |    10 ||    27
Dodge: Dodged            |    10 |    32 |    17 ||    59
